 Dungeon Crawl Stone Soup version 0.21-a0-633-g4c047d5 (webtiles) character file.

3245 mortelune the Destroyer (level 9, -2/78 HPs)
             Began as a Red Draconian Conjurer on Dec 28, 2017.
             Was a Believer of Ashenzari.
             Slain by Nr616's ghost (9 damage)
             ... on level 9 of the Dungeon.
             The game lasted 00:31:21 (9945 turns).

mortelune the Destroyer (Red Draconian Conjurer)    Turns: 9945, Time: 00:31:21

Health: -2/78      AC:  8    Str: 11    XL:     9   Next: 67%
Magic:  14/17      EV: 12    Int: 18    God:    Ashenzari [**....]
Gold:   333        SH:  0    Dex: 14    Spells: 9/19 levels left

rFire    . . .     SeeInvis .   d - +2 hand axe (elec) (curse)
rCold    + . .     Gourm    .   (no shield)
rNeg     . . .     Faith    .   (armour unavailable)
rPois    .         Spirit   .   (helmet restricted)
rElec    .         Reflect  .   (no cloak)
rCorr    .         Harm     .   m - +0 pair of gloves (curse)
MR       .....                  (no boots)
Stlth    ++........             (no amulet)
HPRegen  0.23/turn              e - ring of Paca {Ice Dex+2}
MPRegen  0.15/turn              (no ring)

@: no status effects
A: breathe fire, unfitting armour, fire resistance 1, cold-blooded, AC +7
a: Breathe Fire, Curse Item, Scrying, Renounce Religion


You were on level 9 of the Dungeon.
You worshipped Ashenzari.
Ashenzari was pleased with you.
You were not hungry.

You visited 2 branches of the dungeon, and saw 10 of its levels.

You collected 333 gold pieces.

Inventory:

Hand Weapons
 d - a cursed +2 hand axe of electrocution (weapon)
 h - a +3 hand axe of flaming
 D - a +0 broad axe
Armour
 m - a cursed +0 pair of gloves (worn)
 x - a +0 pair of gloves of archery
Jewellery
 e - the ring of Paca (left hand) {Ice Dex+2}
   (You found it on level 6 of the Dungeon)

   [ring of ice]

   It enhances your ice magic.
   It affects your dexterity (+2).
   It makes you vulnerable to fire.
   It protects you from cold.
 n - a cursed ring of teleportation
 t - an uncursed amulet of guardian spirit
 v - an uncursed ring of resist corrosion
Scrolls
 g - a scroll of fear
 i - 2 scrolls of random uselessness {unknown}
 j - 6 scrolls of remove curse
 k - 2 scrolls of magic mapping {unknown}
 l - a scroll of noise {unknown}
 o - 4 scrolls of teleportation
 q - 3 scrolls of enchant armour {unknown}
 w - 2 scrolls of amnesia {unknown}
 y - a scroll of enchant weapon {unknown}
 C - a scroll of summoning {unknown}
Potions
 c - a potion of invisibility
 f - a potion of lignification
 p - 2 potions of mutation
 s - a potion of flight
 u - a potion of agility
 z - 3 potions of curing {unknown}
 A - a potion of haste {unknown}
 E - a potion of magic {unknown}
Books
 a - a book of Conjurations

   Spells                             Type                      Level
   a - Magic Dart                     Conjuration                  1
   b - Searing Ray                    Conjuration                  2
   c - Dazzling Spray                 Conjuration/Hexes            3
   d - Fulminant Prism                Conjuration/Hexes            4
   e - Force Lance                    Conjuration/Translocation    4
   f - Iskenderun's Mystic Blast      Conjuration                  4
 r - a book of Frost

   Spells                             Type                      Level
   a - Freeze                         Ice                          1
   b - Throw Frost                    Conjuration/Ice              2
   c - Ozocubu's Armour               Charms/Ice                   3
   d - Throw Icicle                   Conjuration/Ice              4
   e - Summon Ice Beast               Ice/Summoning                4
Comestibles
 b - 13 rations
 B - 5 chunks of flesh


   Skills:
 + Level 6.5 Fighting
 + Level 5.9(8.2) Axes
 - Level 1.7 Dodging
 - Level 1.7 Stealth
 + Level 5.9 Spellcasting
 * Level 9.6 Conjurations


You had 9 spell levels left.
You knew the following spells:

 Your Spells              Type           Power        Failure   Level  Hunger
a - Magic Dart            Conj           ####         1%          1    None
b - Searing Ray           Conj           #####.       1%          2    None
c - Dazzling Spray        Conj/Hex       ###...       4%          3    ##.....
d - Iskenderun's Mystic   Conj           #####...     2%          4    ####...


Dungeon Overview and Level Annotations

Branches:
Dungeon (9/15)             Temple (1/1) D:5
   Lair: D:8-11         Orc: D:9-12

Altars:
Ashenzari
Cheibriados
Dithmenos
Elyvilon
Fedhas
Gozag
Hepliaklqana
Kikubaaqudgha
Makhleb
Nemelex Xobeh
Okawaru
Qazlal
Ru
Sif Muna
Trog
Uskayaw
Vehumet
Wu Jian
Xom
Yredelemnul
Zin
The Shining One

Shops:
D:9 (

Annotations:
D:9 Nr616's ghost, novice GrGl


Innate Abilities, Weirdness & Mutations

You can breathe blasts of fire.
Your fiery red scales are hard. (AC +7)
You cannot fit into any form of body armour.
Your flesh is heat resistant. (rF+)
You are cold-blooded and may be slowed by cold attacks.


Message History

You hit Nr616's ghost but do no damage.
Nr616's ghost is moderately damaged.
Nr616's ghost completely misses you.
You hit Nr616's ghost but do no damage.
You tail-slap Nr616's ghost, but do no damage.
Nr616's ghost is moderately damaged.
Nr616's ghost closely misses you.
You hit Nr616's ghost but do no damage.
Your tail-slap misses Nr616's ghost.
Nr616's ghost is lightly damaged.
Nr616's ghost hits you!!
You hit Nr616's ghost.
You tail-slap Nr616's ghost, but do no damage.
Nr616's ghost is moderately damaged.
Nr616's ghost hits you!
* * * LOW HITPOINT WARNING * * *
x2
Okay, then.
Okay, then.
There is a stone staircase leading up here.
Nr616's ghost hits you!
You die...

, ,
.........................
* *#.#####.#####.### * ..
* #.# #.# .. #.# #.# ..
#.# #.# .. , * , #.# #.#
..
#.#####.#####.#########..
,
,.........................
* *
*#.#####.@W........#######
#...........# *
#......>....#
#...........# *
#...........# ,*
#...........# * *
#...........#
#...........#
#############


You could see Nr616's ghost.

Vanquished Creatures
  The ghost of Lanoc the Conjurer, a novice GnCj of Vehumet (D:7)
  A hippogriff (D:8)
  2 orc warriors
  2 ice beasts (D:8)
  A sky beast (D:6)
  3 ogres
  2 phantoms
  5 centaurs
  Blork the orc (D:6)
  A big kobold (D:8)
  3 bullfrogs
  A wyvern zombie (D:8)
  5 howler monkeys
  2 crimson imps
  6 orc priests
  4 orc wizards
  4 hounds
  A jelly (D:5)
  2 bullfrog skeletons
  A worker ant (D:8)
  A hound skeleton (D:8)
  A worker ant zombie (D:8)
  2 gnolls
  7 adders
  A shadow imp (D:6)
  An adder zombie (D:5)
  5 worms (D:4)
  2 dart slugs
  3 leopard geckos
  25 orcs
  3 ball pythons
  8 giant cockroaches
  7 hobgoblins
  2 jackals (D:2)
  3 quokkas
  11 bats
  4 frilled lizards
  6 goblins
  8 kobolds
  A leopard gecko skeleton (D:4)
  A quokka skeleton (D:5)
  7 rats
157 creatures vanquished.

Notes
Turn   | Place    | Note
-------+----------+-------------------------------------------
     0 | D:1      | mortelune the Draconian Conjurer began the quest for the Orb.
     0 | D:1      | Reached XP level 1. HP: 14/14 MP: 3/3
   406 | D:1      | Reached XP level 2. HP: 22/22 MP: 0/5
   463 | D:1      | Learned a level 2 spell: Searing Ray
   936 | D:2      | Reached skill level 1 in Fighting
  1130 | D:2      | Reached XP level 3. HP: 28/28 MP: 0/6
  1253 | D:2      | Learned a level 3 spell: Dazzling Spray
  1417 | D:2      | Found a basalt altar of Yredelemnul.
  1440 | D:2      | Reached skill level 1 in Axes
  1456 | D:2      | Found a blossoming altar of Fedhas.
  1930 | D:3      | Reached XP level 4. HP: 35/35 MP: 7/7
  2544 | D:3      | Reached skill level 5 in Conjurations
  2834 | D:3      | You fall through a shaft for 2 floors!
  2834 | D:5      | Entered Level 5 of the Dungeon
  2839 | D:5      | Found a staircase to the Ecumenical Temple.
  2845 | Temple   | Entered the Ecumenical Temple
  2863 | Temple   | Became a worshipper of Ashenzari the Shackled
  3165 | D:3      | Reached XP level 5. HP: 41/41 MP: 3/9
  3906 | D:4      | Noticed a moth of wrath
  3910 | D:4      | Found a bloodstained altar of Trog.
  3995 | D:4      | Reached XP level 6. HP: 38/50 MP: 2/10
  4646 | D:4      | Found a glowing golden altar of the Shining One.
  5425 | D:5      | Reached skill level 6 in Conjurations
  5588 | D:5      | Reached * piety under Ashenzari
  5707 | D:5      | Learned a level 4 spell: Iskenderun's Mystic Blast
  6111 | D:6      | Noticed an orc warrior
  6133 | D:6      | Killed an orc warrior
  6133 | D:6      | Your scales start taking on a fiery red colour.
  6133 | D:6      | Reached XP level 7. HP: 37/57 MP: 2/12
  6133 | D:6      | Gained mutation: Your flesh is heat resistant. (rF+) [Red Draconian growth]
  6259 | D:6      | Found a sacrificial altar of Ru.
  6283 | D:6      | Identified the ring of Paca {Ice Dex+2}
  6337 | D:6      | Found a stormy altar of Qazlal.
  6349 | D:6      | Noticed Blork the orc
  6363 | D:6      | Killed Blork the orc
  6800 | D:7      | Reached skill level 7 in Conjurations
  6821 | D:7      | Noticed Lanoc's ghost (novice GnCj)
  7031 | D:6      | Reached XP level 8. HP: 53/66 MP: 8/14
  7437 | D:7      | Found a shadowy altar of Dithmenos.
  7582 | D:7      | Killed Lanoc's ghost
  7582 | D:7      | Reached skill level 5 in Fighting
  7582 | D:7      | Reached skill level 8 in Conjurations
  7922 | D:8      | Reached ** piety under Ashenzari
  7956 | D:8      | Reached skill level 5 in Spellcasting
  8006 | D:8      | Noticed a hippogriff
  8008 | D:8      | Reached skill level 5 in Axes
  8019 | D:8      | Killed a hippogriff
  8019 | D:8      | Reached XP level 9. HP: 31/74 MP: 3/16
  8608 | D:8      | Reached skill level 9 in Conjurations
  8934 | D:8      | Found a hazy altar of Hepliaklqana.
  9320 | D:8      | Found a hide-covered altar of Uskayaw.
  9321 | D:8      | Noticed a dagger
  9322 | D:8      | Noticed a hand axe
  9838 | D:9      | Found Muteesec's Antique Weapon Emporium.
  9839 | D:9      | Noticed a cyan ugly thing
  9846 | D:9      | Found a snail-covered altar of Cheibriados.
  9918 | D:9      | Noticed Nr616's ghost (novice GrGl)
  9945 | D:9      | Slain by Nr616's ghost

Vault maps used:
D:1:      erik_arrival_triangle_medium, grunt_decor_cap
D:2:      yredelemnul_altar_generic, fedhas_altar_4
D:3:      minmay_diamond_boxcup, corexii_shack, minmay_ruptured
D:4:      tgw_trog, marbit_many_paths
D:5:      minmay_temple_entry_steel_oval, first_ration
D:6:      lemuel_doored_altar, nicolae_ru_the_path_less_chosen,
          uniq_blork_the_orc
D:7:      kennysheep_mini
D:8:      kennysheep_little_box, dancing_weapons_uskayaw
D:9:      cheibriados_altar_1, serial_shops, nicolae_shop_overgrown_old_shop,
          hangedman_ranch, kennysheep_generic_room_16
Temple:   cyrus_circular_temple

Skill      XL: |  1  2  3  4  5  6  7  8  9 |
---------------+----------------------------+-----
Fighting       | 1 2 3 4 5 6 |  6.5
Axes           | 1 2 3 5 |  5.9
Conjurations   | 5 6 7 8 9 |  9.6
Spellcasting   | 3 4 5 |  5.9
Dodging        | |  1.7
Stealth        | |  1.7

Action                   |  1- 3 |  4- 6 |  7- 9 || total
-------------------------+-------+-------+-------++-------
Melee: Hand axe          |    27 |    61 |   159 ||   247
       Tailslap          |     2 |     8 |    13 ||    23
 Cast: Magic Dart        |    34 |    74 |    48 ||   156
       Searing Ray       |     2 |    19 |     9 ||    30
       Dazzling Spray    |       |     6 |    10 ||    16
       Iskenderun's Myst |       |     2 |    25 ||    27
Invok: Curse Item        |       |     1 |       ||     1
  Use: Scroll            |     3 |     3 |     1 ||     7
       Potion            |       |     1 |       ||     1
 Stab: Invisible         |       |     2 |     7 ||     9
  Eat: Chunk             |     4 |    13 |     9 ||    26
       Ration            |       |       |     3 ||     3
Armor: Skin              |    10 |    27 |    54 ||    91
Dodge: Dodged            |    25 |    56 |   107 ||   188

Table legend:
 A = Spawn XP
 B = Non-spawn XP
 C = Spawn XP percentage of total XP
 D = Spawn monster count
 E = Non-spawn monster count
 F = Spawn count percentage of total count
 G = Total turns spent on level
                    A         B        C        D         E        F      G
               +---------+---------+-------+---------+---------+-------+---------
         Total |       0 |    4636 |   0.0 |       0 |     157 |   0.0 |  9945
               +---------+---------+-------+---------+---------+-------+---------
           D:1 |       0 |      15 |   0.0 |       0 |      11 |   0.0 |   712
           D:2 |       0 |      87 |   0.0 |       0 |      16 |   0.0 |  1214
           D:3 |       0 |      88 |   0.0 |       0 |      32 |   0.0 |  1298
           D:4 |       0 |     298 |   0.0 |       0 |      25 |   0.0 |  1710
           D:5 |       0 |     229 |   0.0 |       0 |       8 |   0.0 |  1023
           D:6 |       0 |     589 |   0.0 |       0 |      11 |   0.0 |  1129
           D:7 |       0 |    1177 |   0.0 |       0 |      18 |   0.0 |   772
           D:8 |       0 |    2153 |   0.0 |       0 |      36 |   0.0 |  1911
               +---------+---------+-------+---------+---------+-------+---------
